 Dungeon Crawl Stone Soup version bcrawl-1.15.1 (webtiles) character file.

Game seed: 1615463099795803403

29 Chiseanne the Ducker (level 3, 26/27 HPs)
             Began as a Demonspawn Archaeologist on Sept 27, 2019.
             Quit the game on level 1 of the Dungeon.
             The game lasted 00:01:56 (1324 turns).

Chiseanne the Ducker (Demonspawn Archaeologist)     Turns: 1324, Time: 00:01:56

Health: 26/27      AC:  8    Str: 11    XL:     3   Next: 1%
Magic:  3/3        EV: 11    Int: 15    God:
Gold:   69         SH:  0    Dex: 12    Spells: 2/2 levels left

rFire    . . .     SeeInvis .   a - +0 whip
rCold    . . .     Gourm    .   (no shield)
rNeg     . . .     Faith    .   j - +0 ring mail
rPois    .         Spirit   .   c - +1 hat
rElec    .         Reflect  .   (no cloak)
rCorr    .         Harm     .   (no gloves)
MR       .....                  d - +1 pair of boots
Stlth    +.........             (no amulet)
HPRegen  0.09/turn              (no ring)
MPRegen  0.08/turn              (no ring)

@: studying Bows
A: demonic guardian 1, rot immunity
a: no special abilities


You were on level 1 of the Dungeon.
You were not hungry.

You visited 1 branch of the dungeon, and saw 1 of its levels.

You collected 69 gold pieces.

Inventory:

Hand Weapons
 a - a +0 whip (weapon)
Missiles
 l - 168 bolts
 m - 4 stones (quivered)
Armour
 c - a +1 hat (worn)
 d - a +1 pair of boots (worn)
 j - a +0 ring mail (worn)
Scrolls
 b - 2 scrolls of teleportation {unknown}
 h - 2 scrolls of remove curse {unknown}
 n - a scroll of identify {unknown}
Potions
 i - a potion of curing {unknown}
 k - a potion of haste {unknown}
Books
 e - a manual of Bows
Miscellaneous
 f - an ancient crate
Comestibles
 g - 5 rations {!d}


   Skills:
 * Level 2.0 Fighting
 - Level 0.8 Maces & Flails
 * Level 0.8 Armour
 * Level 3.2 Dodging
 - Level 3.0 Stealth


You had 2 spell levels left.
You didn't know any spells.
Your spell library was empty.

Dungeon Overview and Level Annotations

Branches:
Dungeon (1/12)

Altars:


Innate Abilities, Weirdness & Mutations

A weak demonic guardian rushes to your aid.
You are immune to rotting.


Message History

The hobgoblin hits you with a +0 club.
You hit the hobgoblin but do no damage.
The hobgoblin is almost dead.
The hobgoblin closely misses you.
You hit the hobgoblin but do no damage.
The hobgoblin is almost dead.
The hobgoblin hits you but does no damage.
You hit the hobgoblin but do no damage.
The hobgoblin is almost dead.
The hobgoblin closely misses you.
You hit the hobgoblin.
You kill the hobgoblin!
Your Fighting skill increases to level 2!
You have reached level 3!
Your experience leads to an increase in your attributes!
Increase (S)trength, (I)ntelligence, or (D)exterity?
You feel agile.
Your demonic ancestry asserts itself...
You feel immune to rotting.
You have an epiphany!
The dusty tome is a manual of Bows!
Reading it may be key to unlocking the crate...
Are you sure you want to abandon this character and quit the game? (Confirm with "yes".)

....# .##.# .##.# ..#.# #.#.#
#.#.# ####### #.#.# #.....#
#.#.##################.....######
#.#........>....@)...+.....'.....
#.####################.....######
#...............# #.....# #
###############.######.....# #
#.......[.........# #
#......###........###### #......#
#.......###...# #...)..#
#.......# #.#.# #......#
#.......# #.#.#


There were no monsters in sight!

Vanquished Creatures
  A dart slug (D:1)
  A giant cockroach (D:1)
  2 goblins (D:1)
  5 hobgoblins (D:1)
  3 jackals (D:1)
  A quokka (D:1)
  2 bats (D:1)
  4 frilled lizards (D:1)
  2 kobolds (D:1)
  5 rats (D:1)
26 creatures vanquished.

Notes
Turn   | Place    | Note
-------+----------+-------------------------------------------
     0 | D:1      | Chiseanne the Demonspawn Archaeologist began the quest for
                  | the Orb.
     0 | D:1      | Reached XP level 1. HP: 15/15 MP: 1/1
   256 | D:1      | Gained mutation: A weak demonic guardian rushes to your
                  | aid. [demonic ancestry]
   256 | D:1      | Reached XP level 2. HP: 21/21 MP: 2/2
  1323 | D:1      | Gained mutation: You are immune to rotting. [demonic
                  | ancestry]
  1323 | D:1      | Reached XP level 3. HP: 26/27 MP: 3/3
  1324 | D:1      | Quit the game

Skill      XL: |  1  2 |
---------------+-------+-----
Dodging        | 3 |  3.2
Fighting       | 2 |  2.0
Maces & Flails | |  0.8
Armour         | |  0.8
Stealth        | |  3.0

Action                   || total
-------------------------++-------
Melee: Whip              ||   122
 Stab: Sleeping          ||     1
  Eat: Chunk             ||     1
Armor: Robe              ||    22
       Ring mail         ||    41
Dodge: Dodged            ||    93
